 Dungeon Crawl Stone Soup version 0.28-a0-706-gf6f64a616a (webtiles) character file.

Game seed: 16843585042115443009

1267 frimble the Cutter (level 8, 0/62 HPs)
             Began as a Demonspawn Fire Elementalist on Oct 25, 2021.
             Slain by a bullfrog (3 damage)
             ... on level 6 of the Dungeon.
             The game lasted 00:07:19 (6134 turns).

frimble the Cutter (Demonspawn Fire Elementalist)   Turns: 6134, Time: 00:07:19

Health: 0/62       AC:  4    Str:  8    XL:     8   Next: 28%
Magic:  7/11       EV: 12    Int: 19    God:
Gold:   315        SH:  0    Dex: 14    Spells: 3/11 levels left

rFire   . . .      SeeInvis .   f - +0 dagger (elec)
rCold   . . .      Faith    .   (no shield)
rNeg    . . .      Spirit   .   a - +0 robe
rPois   .          Reflect  .   (no helmet)
rElec   .          Harm     .   (no cloak)
rCorr   .          Rampage  .   n - +1 pair of gloves
Will    .....                   (no boots)
Stlth   ++........              (no amulet)
HPRegen 0.20/turn               (no ring)
MPRegen 0.24/turn               (no ring)

@: no status effects
A: hooves 2, powered by death 2, magic regeneration
a: no special abilities


You were on level 6 of the Dungeon.
You visited 1 branch of the dungeon, and saw 6 of its levels.
You also visited: Sewer.

You collected 315 gold pieces.

Inventory:

Hand Weapons
 d - a +0 dagger
 f - a +0 dagger of electrocution (weapon)
Missiles
 g - 16 poisoned darts
 u - 5 javelins
Armour
 a - a +0 robe (worn)
 n - a +1 pair of gloves (worn)
Jewellery
 q - a ring of flight
Scrolls
 c - 3 scrolls of teleportation
 k - 3 scrolls of identify
 m - a scroll of brand weapon
 o - a scroll of magic mapping {unknown}
 r - a scroll of amnesia {unknown}
 s - a scroll of blinking {unknown}
Potions
 b - a potion of might {unknown}
 e - 3 potions of curing {unknown}
 h - 2 potions of flight {unknown}
 i - a potion of heal wounds {unknown}
 j - 2 potions of resistance {unknown}
 l - a potion of attraction
 p - a potion of cancellation {unknown}


   Skills:
 - Level 5.2 Fighting
 + Level 5.5 Short Blades
 - Level 1.8 Dodging
 - Level 1.8 Stealth
 - Level 2.0 Spellcasting
 + Level 3.6 Conjurations
 + Level 1.7 Hexes
 + Level 4.2 Fire Magic


You had 3 spell levels left.
You knew the following spells:

 Your Spells              Type           Power      Damage    Failure   Level
a - Foxfire               Conj/Fire      68%        2x1d7     3%          1
b - Inner Flame           Hex/Fire       13%        N/A       14%         3
c - Flame Wave            Conj/Fire      17%        3d5       32%         4

Your spell library contained the following spells:

 Spells                   Type           Power      Damage    Failure   Level
 Scorch                   Fire           36%        2d6       4%          2
 Conjure Flame            Conj/Fire      17%        6-21      10%         3
 Ensorcelled Hibernation  Hex/Ice        10%        N/A       19%         2
 Tukima's Dance           Hex            8%         N/A       24%         3
 Freezing Cloud           Conj/Ice/Air   3%         6-21      96%         5
 Simulacrum               Ice/Necr       0%         N/A       100%        6
 Polar Vortex             Ice            0%         N/A       100%        9


Dungeon Overview and Level Annotations

Branches:
Dungeon (6/15)              Sewer (visited)
 Temple: D:4-7

Altars:
Trog
Vehumet
Wu Jian
Xom
Zin


Innate Abilities, Weirdness & Mutations

You have hoof-like feet.
You regenerate health from kills.
You regenerate magic rapidly.


Message History

Something hits you. Something shocks you.
You closely miss something. You kick something.
The foxfire hits something but does no damage.
The foxfire hits something.
Something hits you. Something shocks you.
* * * LOW HITPOINT WARNING * * *
A bullfrog comes into view.
Found a broad axe.
The bullfrog gives a loud, deep croak!
A scorpion comes into view.
Okay, then.
As you read the scroll of fear, it crumbles to dust.
You assume a fearsome visage.
The scorpion looks frightened!
The bullfrog hits you.
* * * LOW HITPOINT WARNING * * *
A sky beast appears from thin air!
Reactivating autopickup.
The bullfrog hits you.
* * * LOW HITPOINT WARNING * * *
Casting: Foxfire (safe; 3% risk of failure)
Confirm with . or Enter, or press ? or * to list all spells.
You conjure some foxfire!
The bullfrog misses you.
You closely miss the bullfrog.
The foxfire hits the bullfrog.
The bullfrog is moderately wounded.
The bullfrog barely misses you.
Casting: Foxfire (safe; 3% risk of failure)
Confirm with . or Enter, or press ? or * to list all spells.
You conjure some foxfire!
The bullfrog releases a deep croak.
The bullfrog hits you.
* * * LOW HITPOINT WARNING * * *
The bullfrog hits you!
* * * LOW HITPOINT WARNING * * *
You hit the bullfrog. Your kick misses the bullfrog.
The bullfrog is moderately wounded.
The foxfire hits the bullfrog.
The bullfrog is heavily wounded.
The foxfire hits the bullfrog.
The bullfrog is severely wounded.
The bullfrog hits you.
You die...

#.#.##... ####.
..#.Y ....##.#.#
##.#.#.#.#.#
#....†<....#
..#.#s#†#.#≈######
.............).#
#.#.#.#§#F.....#
#....?..§@..!...#
##.#.#.#§#§.....#
#...............#
##.#.#.#.#.#.####
...........# #####
#######


You could see a sky beast (fleeing) and a bullfrog.

Vanquished Creatures
  3 necrophages
  A black bear (D:4)
  An ogre (D:5)
  A phantom (D:5)
  2 bullfrogs (Sewer)
  A scorpion (D:4)
  A water moccasin zombie (D:5)
  A centaur zombie (D:5)
  4 hounds
  A jelly (D:4)
  3 orc priests (D:3)
  A scorpion zombie (D:5)
  An orc wizard (D:5)
  2 killer bee zombies (D:5)
  4 adders
  A river rat (D:5)
  A white imp (D:5)
  An ufetubus (D:5)
  A worm (D:2)
  3 dart slugs
  11 orcs
  4 bats
  7 endoplasms
  9 giant cockroaches
  10 goblins
  9 hobgoblins
  3 jackals (D:3)
  6 kobolds
  5 quokkas
  7 ball pythons
  7 frilled lizards
  4 rats
116 creatures vanquished.

Vanquished Creatures (collateral kills)
  A foxfire (D:1)
1 creature vanquished.

Vanquished Creatures (others)
  246 foxfires
246 creatures vanquished.

Grand Total: 363 creatures vanquished

Notes
Turn   | Place    | Note
-------+----------+-------------------------------------------
     0 | D:1      | frimble the Demonspawn Fire Elementalist began the quest
                  | for the Orb.
     0 | D:1      | Reached XP level 1. HP: 13/13 MP: 3/3
   749 | D:1      | Found a faded altar of an unknown god.
   763 | D:1      | Gained mutation: You have large cloven feet. [demonic
                  | ancestry]
   763 | D:1      | Reached XP level 2. HP: 19/19 MP: 1/5
  2088 | D:2      | Gained mutation: You regenerate a little health from kills.
                  | [demonic ancestry]
  2088 | D:2      | Reached XP level 3. HP: 24/24 MP: 6/6
  2429 | D:2      | Found a radiant altar of Vehumet.
  2759 | D:3      | Found a shimmering altar of Xom.
  2761 | D:3      | Noticed an angel
  2779 | D:3      | Noticed a necrophage
  2854 | D:3      | Killed a necrophage
  2855 | D:3      | Reached skill level 1 in Short Blades
  2855 | D:3      | Gained mutation: You regenerate health from kills. [demonic
                  | ancestry]
  2855 | D:3      | Reached XP level 4. HP: 23/30 MP: 0/7
  2855 | D:3      | Reached XP level 5. HP: 27/35 MP: 0/8
  2981 | D:3      | Reached skill level 1 in Fighting
  3764 | D:4      | Learned a level 3 spell: Inner Flame
  3881 | D:4      | Gained mutation: You regenerate magic rapidly. [demonic
                  | ancestry]
  3881 | D:4      | Reached XP level 6. HP: 44/44 MP: 4/9
  4391 | D:4      | Learned a level 4 spell: Flame Wave
  4602 | D:5      | Entered Level 5 of the Dungeon
  4602 | D:5      | Found an ornate altar of the Wu Jian Council.
  4610 | D:5      | Reached XP level 7. HP: 52/52 MP: 10/10
  4733 | D:5      | Found a radiant altar of Vehumet.
  4775 | D:5      | Identified the +4 war axe of Abomination {vorpal, Str+6
                  | Int+2 Dex-5}
  5088 | D:5      | Found a glowing drain.
  5099 | Sewer    | Entered a sewer
  5364 | Sewer    | Reached skill level 5 in Fighting
  5364 | Sewer    | Reached skill level 5 in Short Blades
  5750 | D:5      | Gained mutation: You have hoof-like feet. [demonic
                  | ancestry]
  5750 | D:5      | Reached XP level 8. HP: 62/62 MP: 5/11
  5826 | D:5      | Found a bloodstained altar of Trog.
  6098 | D:6      | Reached skill level 1 in Hexes
  6133 | D:6      | HP: 3/62 [bullfrog (7)]
  6134 | D:6      | Slain by a bullfrog

Illustrated notes

Levels and vault maps discovered:
D:1:      elethiomel_arrival_infinity_welcomes_careful_drivers,
          layout_loops_cross, dreamdust_ecumenical_altar_sealed_demon,
          grunt_decor_arrowhead
D:2:      layout_loops_ring, basic_altar, minmay_misc_feat_diagonals,
          minmay_misc_feat_more_columns
D:3:      layout_loops_cross, grunt_temple_overflow_order_and_chaos_1
D:4:      layout_basic
D:5:      minmay_skewed_foursquare, layout_basic, lemuel_tele_altar,
          mainiacjoe_overflow_catch_the_wave, cheibrodos_sewer_entry_sluice
D:6:      layout_basic, mainiacjoe_overflow_24_doors,
          minmay_temple_entry_butterflies, st_stairs_9, uniq_duvessa

Skill      XL: |  1  2  3  4  5  6  7  8 |
---------------+-------------------------+-----
Fire Magic     | 3 4 |  4.2
Conjurations   | 2 3 |  3.6
Short Blades   | 1 2 3 5 |  5.5
Fighting       | 2 3 5 |  5.2
Hexes          | 1 |  1.7
Dodging        | |  1.8
Stealth        | |  1.8
Spellcasting   | |  2.0

Action                   |  1- 3 |  4- 6 |  7- 9 || total
-------------------------+-------+-------+-------++-------
Melee: Unarmed           |    12 |       |       ||    12
       Dagger            |    80 |   105 |   131 ||   316
       Kick              |    21 |    24 |    20 ||    65
 Cast: Foxfire           |    37 |    28 |    74 ||   139
  Use: Scroll            |       |     4 |     1 ||     5
 Stab: Sleeping          |     4 |     2 |     1 ||     7
Armor: Robe              |    19 |    20 |    45 ||    84
Dodge: Dodged            |    73 |    60 |   118 ||   251

Table legend: (Time is in decaauts)
 A = Elapsed time spent in this place.
 B = Non-inter-level travel time spent in this place.
 C = Inter-level travel time spent in this place.
 D = Time resting spent in this place.
 E = Time spent auto-exploring this place.
 F = Levels seen in this place.
 G = Mean time per level.
                   A        B        C        D        E       F      G
               +--------+--------+--------+--------+--------+-----+--------+
         Total |   6172 |   6039 |    133 |    101 |   4833 |   7 |  881.7 |
       Dungeon |   5565 |   5432 |    133 |    101 |   4350 |   6 |  927.5 |
         Sewer |    607 |    607 |      0 |      0 |    483 |   1 |  607.0 |
               +--------+--------+--------+--------+--------+-----+--------+

Top non-repeatable levels by time:
     D:1: 1622 daAuts
     D:2: 1102 daAuts
     D:4: 963 daAuts
     D:5: 936 daAuts
     D:3: 899 daAuts
   Sewer: 607 daAuts
     D:6: 41 daAuts
